[ PARTIDA AOE2 · #495720192 ]
UnrankedTupíes vs Spanish
Equipo del jugador · DERR
Equipo rival · VICT
[ ANÁLISIS DE REPETICIÓN · EXTRAÍDO DE LA PARTIDA GRABADA ]
Feudal
10:34
Castillos
15:05
Imperial
—
| APM promedio | 48.5 |
| APM pico | 82 |
| eAPM promedio | 31.6 |
| Aldeanos / militares | 54 / 3 |
Foco
⚔️ 40.9% · 🌾 59.1%
Unknown (2582) ×23 · Mangonel ×3
Feudal
8:51
Castillos
23:01
Imperial
—
| APM promedio | 53.0 |
| APM pico | 87 |
| eAPM promedio | 25.4 |
| Aldeanos / militares | 106 / 40 |
Foco
⚔️ 45.8% · 🌾 54.2%
Cavalry Archer ×22 · Scout Cavalry ×14 · Knight ×4
Mapa de la partida
Recursos iniciales + cada clic de construcción. Líneas = muros · curvas = relieve. ◆ oro · ⬟ piedra · ● bayas · ✦ reliquia · ◌ hueco del cierre
Tu base· Abierta — flanco sin cerrar
Base de Canis Minoris· Abierta — flanco sin cerrar
Terreno inicial suavizado · ◌ = hueco del cierre detectado · pasá el cursor para detalles
Inputs por minuto
— Singapura_Routeline - - Canis Minoris
Build order — Singapura_Routeline
130 acciones detectadas en el replay
| 0:01 | Crear | Villager (Male) |
| 0:01 | Crear | Villager (Male) |
| 0:01 | Crear | Villager (Male) |
| 0:02 | Construir | House |
| 0:03 | Construir | House |
| 0:20 | Crear | Villager (Male) |
| 0:20 | Crear | Villager (Male) |
| 1:10 | Crear | Villager (Male) |
| 1:11 | Crear | Villager (Male) |
| 1:39 | Crear | Villager (Male) |
| 1:39 | Crear | Villager (Male) |
| 1:39 | Crear | Villager (Male) |
| 2:21 | Crear | Villager (Male) |
| 2:46 | Crear | Villager (Male) |
| 2:46 | Crear | Villager (Male) |
| 3:12 | Crear | Villager (Male) |
| 3:13 | Crear | Villager (Male) |
| 3:34 | Construir | Settlement |
| 3:41 | Crear | Villager (Male) |
| 3:41 | Crear | Villager (Male) |
| 4:27 | Crear | Villager (Male) |
| 4:27 | Crear | Villager (Male) |
| 4:28 | Crear | Villager (Male) |
| 5:11 | Crear | Villager (Male) |
| 5:31 | Crear | Villager (Male) |
| 5:51 | Crear | Villager (Male) |
| 6:06 | Construir | Settlement |
| 6:27 | Construir | Outpost |
| 6:37 | Crear | Villager (Male) |
| 6:44 | Crear | Villager (Male) |
| 7:06 | Investigar | Loom |
| 7:41 | Construir | Settlement |
| 7:53 | Construir | Outpost |
| 8:16 | Investigar | Feudal Age |
| 9:20 | Construir | Outpost |
| 9:46 | Crear | Villager (Male) |
| 9:47 | Crear | Villager (Male) |
| 10:34 | Edad | Edad Feudal |
| 10:43 | Construir | Market |
| 10:59 | Construir | Blacksmith |
| 11:16 | Crear | Villager (Male) |
| 11:16 | Crear | Villager (Male) |
| 11:48 | Construir | Farm |
| 12:25 | Investigar | Castle Age |
| 12:43 | Construir | Farm |
| 13:31 | Investigar | Gold Mining |
| 13:59 | Construir | House |
| 14:01 | Construir | Palisade Wall |
| 14:04 | Construir | Palisade Wall |
| 14:14 | Investigar | Double-Bit Axe |
| 14:14 | Investigar | Double-Bit Axe |
| 14:30 | Crear | Villager (Male) |
| 14:43 | Construir | Barracks |
| 14:51 | Construir | Farm |
| 15:05 | Edad | Edad de los Castillos |
| 15:22 | Crear | Unit 2582 |
| 15:23 | Crear | Unit 2582 |
| 15:55 | Crear | Villager (Male) |
| 15:57 | Construir | Farm |
| 15:58 | Construir | Farm |
| 16:04 | Construir | Farm |
| 16:08 | Construir | Farm |
| 16:37 | Crear | Unit 2582 |
| 16:37 | Crear | Unit 2582 |
| 16:46 | Crear | Villager (Male) |
| 16:46 | Crear | Villager (Male) |
| 16:52 | Construir | Farm |
| 17:03 | Crear | Unit 2582 |
| 17:12 | Investigar | Scale Mail Armor |
| 17:17 | Crear | Unit 2582 |
| 17:43 | Crear | Villager (Male) |
| 17:57 | Construir | House |
| 17:58 | Construir | House |
| 17:59 | Construir | House |
| 18:04 | Crear | Unit 2582 |
| 18:08 | Construir | Palisade Wall |
| 18:11 | Construir | Palisade Wall |
| 18:17 | Crear | Villager (Male) |
| 18:17 | Crear | Villager (Male) |
| 18:17 | Crear | Villager (Male) |
| 18:39 | Construir | Farm |
| 18:41 | Construir | Farm |
| 18:43 | Crear | Villager (Male) |
| 18:45 | Construir | Farm |
| 18:55 | Crear | Unit 2582 |
| 18:56 | Crear | Unit 2582 |
| 19:19 | Crear | Unit 2582 |
| 19:20 | Crear | Villager (Male) |
| 19:21 | Crear | Villager (Male) |
| 19:48 | Construir | Palisade Wall |
| 19:56 | Construir | House |
| 19:58 | Construir | House |
| 20:00 | Construir | House |
| 20:02 | Construir | House |
| 20:05 | Construir | House |
| 20:19 | Crear | Unit 2582 |
| 20:19 | Crear | Unit 2582 |
| 20:54 | Crear | Villager (Male) |
| 20:54 | Crear | Villager (Male) |
| 20:54 | Crear | Villager (Male) |
| 21:05 | Crear | Unit 2582 |
| 21:06 | Crear | Unit 2582 |
| 21:50 | Crear | Villager (Male) |
| 22:37 | Crear | Unit 2582 |
| 22:44 | Construir | Settlement |
| 22:47 | Crear | Villager (Male) |
| 22:48 | Crear | Villager (Male) |
| 22:48 | Crear | Villager (Male) |
| 23:10 | Crear | Villager (Male) |
| 23:33 | Crear | Unit 2582 |
| 23:33 | Crear | Unit 2582 |
| 23:48 | Crear | Villager (Male) |
| 24:04 | Crear | Unit 2582 |
| 24:38 | Crear | Villager (Male) |
| 24:56 | Construir | Siege Workshop |
| 25:02 | Crear | Unit 2582 |
| 25:02 | Crear | Unit 2582 |
| 25:18 | Crear | Villager (Male) |
| 25:19 | Crear | Villager (Male) |
| 25:31 | Crear | Mangonel |
| 25:41 | Construir | Settlement |
| 26:00 | Crear | Unit 2582 |
| 26:10 | Construir | House |
| 26:12 | Construir | House |
| 26:36 | Crear | Unit 2582 |
| 26:38 | Crear | Mangonel |
| 26:38 | Crear | Mangonel |
| 26:57 | Crear | Villager (Male) |
| 26:57 | Crear | Villager (Male) |
| 27:02 | Crear | Unit 2582 |
Build order — Canis Minoris
Primeras 150 de 246 acciones detectadas
| 0:01 | Crear | Villager (Male) |
| 0:01 | Crear | Villager (Male) |
| 0:01 | Crear | Villager (Male) |
| 0:02 | Crear | Villager (Male) |
| 0:02 | Crear | Villager (Male) |
| 0:02 | Construir | House |
| 0:04 | Construir | House |
| 1:23 | Crear | Villager (Male) |
| 1:23 | Crear | Villager (Male) |
| 1:51 | Crear | Villager (Male) |
| 1:52 | Crear | Villager (Male) |
| 1:52 | Crear | Villager (Male) |
| 1:52 | Crear | Villager (Male) |
| 2:06 | Crear | Villager (Male) |
| 2:06 | Crear | Villager (Male) |
| 2:06 | Crear | Villager (Male) |
| 2:06 | Crear | Villager (Male) |
| 2:19 | Construir | Lumber Camp |
| 2:24 | Crear | Villager (Male) |
| 2:24 | Crear | Villager (Male) |
| 2:24 | Crear | Villager (Male) |
| 2:44 | Crear | Villager (Male) |
| 2:44 | Crear | Villager (Male) |
| 2:44 | Crear | Villager (Male) |
| 3:13 | Crear | Villager (Male) |
| 3:21 | Crear | Villager (Male) |
| 3:21 | Crear | Villager (Male) |
| 3:21 | Crear | Villager (Male) |
| 3:38 | Crear | Villager (Male) |
| 3:38 | Crear | Villager (Male) |
| 4:00 | Construir | House |
| 4:07 | Crear | Villager (Male) |
| 4:07 | Crear | Villager (Male) |
| 4:08 | Crear | Villager (Male) |
| 4:32 | Construir | Mill |
| 4:37 | Crear | Villager (Male) |
| 4:37 | Crear | Villager (Male) |
| 4:38 | Crear | Villager (Male) |
| 5:37 | Crear | Villager (Male) |
| 5:48 | Investigar | Loom |
| 6:37 | Investigar | Feudal Age |
| 6:37 | Investigar | Feudal Age |
| 6:37 | Investigar | Feudal Age |
| 7:29 | Construir | Mining Camp |
| 8:09 | Construir | Barracks |
| 8:18 | Crear | Villager (Male) |
| 8:33 | Crear | Villager (Male) |
| 8:38 | Construir | Palisade Wall |
| 8:39 | Construir | Palisade Wall |
| 8:50 | Crear | Villager (Male) |
| 8:51 | Edad | Edad Feudal |
| 9:03 | Construir | Stable |
| 9:06 | Crear | Villager (Male) |
| 9:21 | Construir | House |
| 9:24 | Investigar | Town Watch |
| 9:29 | Investigar | Double-Bit Axe |
| 9:30 | Investigar | Double-Bit Axe |
| 9:35 | Crear | Villager (Male) |
| 9:35 | Crear | Villager (Male) |
| 9:51 | Crear | Scout Cavalry |
| 9:51 | Crear | Scout Cavalry |
| 9:52 | Crear | Scout Cavalry |
| 9:58 | Construir | Watch Tower |
| 10:20 | Crear | Villager (Male) |
| 10:21 | Crear | Villager (Male) |
| 10:26 | Construir | Farm |
| 10:27 | Construir | Farm |
| 10:48 | Construir | House |
| 10:55 | Construir | Farm |
| 11:15 | Crear | Villager (Male) |
| 11:16 | Crear | Villager (Male) |
| 11:16 | Crear | Villager (Male) |
| 11:16 | Crear | Villager (Male) |
| 11:16 | Crear | Villager (Male) |
| 11:25 | Construir | Farm |
| 11:26 | Construir | Farm |
| 11:28 | Construir | Farm |
| 11:38 | Construir | Watch Tower |
| 11:41 | Construir | House |
| 12:02 | Construir | Stone Wall |
| 12:04 | Construir | Stone Wall |
| 12:13 | Crear | Scout Cavalry |
| 12:13 | Crear | Scout Cavalry |
| 12:17 | Crear | Villager (Male) |
| 12:49 | Construir | Farm |
| 12:50 | Construir | Farm |
| 12:51 | Construir | Farm |
| 12:51 | Construir | Farm |
| 12:55 | Construir | Stone Wall |
| 12:55 | Construir | Stone Wall |
| 13:03 | Crear | Scout Cavalry |
| 13:03 | Crear | Scout Cavalry |
| 13:03 | Crear | Scout Cavalry |
| 13:26 | Construir | Watch Tower |
| 13:29 | Crear | Scout Cavalry |
| 13:29 | Crear | Scout Cavalry |
| 13:29 | Crear | Scout Cavalry |
| 13:32 | Construir | Stone Wall |
| 13:41 | Crear | Villager (Male) |
| 13:41 | Crear | Villager (Male) |
| 13:42 | Crear | Villager (Male) |
| 13:44 | Construir | Farm |
| 13:45 | Construir | Farm |
| 13:46 | Crear | Villager (Male) |
| 13:46 | Crear | Villager (Male) |
| 14:12 | Construir | Watch Tower |
| 14:19 | Crear | Villager (Male) |
| 14:19 | Crear | Villager (Male) |
| 14:19 | Crear | Villager (Male) |
| 14:19 | Crear | Villager (Male) |
| 14:34 | Construir | House |
| 14:39 | Crear | Villager (Male) |
| 14:39 | Crear | Villager (Male) |
| 14:40 | Crear | Villager (Male) |
| 14:43 | Construir | Farm |
| 14:44 | Construir | Farm |
| 14:48 | Crear | Villager (Male) |
| 15:05 | Construir | House |
| 15:15 | Crear | Villager (Male) |
| 15:26 | Crear | Villager (Male) |
| 15:26 | Crear | Villager (Male) |
| 15:26 | Crear | Villager (Male) |
| 15:43 | Crear | Scout Cavalry |
| 15:44 | Crear | Villager (Male) |
| 15:44 | Crear | Villager (Male) |
| 15:44 | Crear | Villager (Male) |
| 16:10 | Crear | Villager (Male) |
| 16:12 | Construir | Stone Wall |
| 16:13 | Construir | Stone Wall |
| 16:14 | Construir | Stone Wall |
| 16:34 | Crear | Villager (Male) |
| 16:37 | Construir | Blacksmith |
| 16:46 | Construir | Stone Wall |
| 16:47 | Construir | Stone Wall |
| 16:53 | Crear | Villager (Male) |
| 17:19 | Construir | Market |
| 17:41 | Crear | Villager (Male) |
| 17:46 | Construir | Mining Camp |
| 17:55 | Construir | Watch Tower |
| 17:56 | Crear | Villager (Male) |
| 18:00 | Crear | Scout Cavalry |
| 18:01 | Crear | Scout Cavalry |
| 18:11 | Construir | House |
| 18:24 | Crear | Villager (Male) |
| 18:44 | Construir | Archery Range |
| 19:11 | Crear | Villager (Male) |
| 19:19 | Construir | Watch Tower |
| 19:32 | Construir | Watch Tower |
| 19:37 | Crear | Villager (Male) |
| 19:56 | Construir | Stone Wall |
Cronología de la partida
| 8:09 | Canis Minoris · first_building Barracks |
| 8:38 | Canis Minoris · wall_segment Palisade Wall x1 |
| 8:39 | Canis Minoris · wall_segment Palisade Wall x1 |
| 8:51 | Canis Minoris · age_up feudal |
| 9:03 | Canis Minoris · first_building Stable |
| 10:34 | Singapura_Routeline · age_up feudal |
| 11:53 | Singapura_Routeline · first_market_sell 100 stone |
| 11:55 | Singapura_Routeline · first_market_buy 100 food |
| 12:02 | Canis Minoris · wall_segment Stone Wall x1 |
| 12:04 | Canis Minoris · wall_segment Stone Wall x1 |
| 12:55 | Canis Minoris · wall_segment Stone Wall x1 |
| 12:55 | Canis Minoris · wall_segment Stone Wall x1 |
| 13:32 | Canis Minoris · wall_segment Stone Wall x1 |
| 14:01 | Singapura_Routeline · wall_segment Palisade Wall x1 |
| 14:04 | Singapura_Routeline · wall_segment Palisade Wall x1 |
| 14:43 | Singapura_Routeline · first_building Barracks |
| 15:05 | Singapura_Routeline · age_up castle |
| 16:12 | Canis Minoris · wall_segment Stone Wall x1 |
| 16:13 | Canis Minoris · wall_segment Stone Wall x1 |
| 16:14 | Canis Minoris · wall_segment Stone Wall x1 |
| 16:46 | Canis Minoris · wall_segment Stone Wall x1 |
| 16:47 | Canis Minoris · wall_segment Stone Wall x1 |
| 18:08 | Singapura_Routeline · wall_segment Palisade Wall x1 |
| 18:11 | Singapura_Routeline · wall_segment Palisade Wall x1 |
| 18:44 | Canis Minoris · first_building Archery Range |
| 19:48 | Singapura_Routeline · wall_segment Palisade Wall x3 |
| 19:56 | Canis Minoris · wall_segment Stone Wall x1 |
| 19:59 | Canis Minoris · wall_segment Stone Wall x1 |
| 20:02 | Canis Minoris · wall_segment Stone Wall x1 |
| 20:09 | Canis Minoris · wall_segment Stone Wall x1 |
| 20:11 | Canis Minoris · wall_segment Stone Wall x1 |
| 20:41 | Canis Minoris · wall_segment Stone Wall x1 |
| 20:44 | Canis Minoris · wall_segment Stone Wall x1 |
| 21:05 | Canis Minoris · wall_segment Stone Wall x1 |
| 21:21 | Canis Minoris · wall_segment Stone Wall x1 |
| 21:21 | Canis Minoris · wall_segment Stone Wall x1 |
| 21:22 | Canis Minoris · wall_segment Stone Wall x1 |
| 21:22 | Canis Minoris · wall_segment Stone Wall x1 |
| 22:05 | Canis Minoris · wall_segment Palisade Wall x7 |
| 23:01 | Canis Minoris · age_up castle |
| 23:41 | Canis Minoris · wall_segment Stone Wall x1 |
| 23:45 | Canis Minoris · wall_segment Stone Wall x1 |
| 23:46 | Canis Minoris · wall_segment Stone Wall x1 |
| 23:50 | Canis Minoris · wall_segment Stone Wall x1 |
| 24:56 | Singapura_Routeline · first_building Siege Workshop |
| 27:56 | Singapura_Routeline · resign |
[ ANÁLISIS IA · 1 CRÉDITO ]
¿Qué pasó realmente en esta partida?
Wolo.gg analiza cada decisión: build order, eco, micro, errores típicos por bracket. Análisis personalizado por WhatsApp o Discord en 30 segundos.
Guía civ
Tupíes
Perfil
Singapura_Routeline